 Dungeon Crawl Stone Soup version 0.29-a0-284-gf9362112df (webtiles) character file.

Game seed: 1603559959423305310

1898 Snicker the Covered (level 8, -2/69 HPs)
             Began as a Minotaur Gladiator on Mar 19, 2022.
             Slain by Maggie
             ... wielding a +1 glaive of flaming
              (7 damage)
             ... on level 7 of the Dungeon.
             The game lasted 00:05:22 (6147 turns).

Snicker the Covered (Minotaur Gladiator)            Turns: 6147, Time: 00:05:23

Health: -2/69      AC: 11    Str: 18    XL:     8   Next: 93%
Magic:  7/7        EV:  9    Int:  5    God:
Gold:   308        SH:  5    Dex: 15    Spells: 7/7 levels left

rFire   . . .      SeeInvis .   a - +4 hand axe (venom)
rCold   . . .      Faith    .   (no shield)
rNeg    + . .      Spirit   .   v - +0 chain mail
rPois   .          Reflect  +   c - +0 hat
rElec   .          Harm     .   (no cloak)
rCorr   +          Rampage  .   o - +0 pair of gloves
Will    .....                   (no boots)
Stlth   ..........              E - amulet of reflection
HPRegen 0.21/turn               x - ring of positive energy
MPRegen 0.10/turn               t - ring of resist corrosion

@: mesmerised
A: horns 2, retaliatory headbutt
a: no special abilities


You were on level 7 of the Dungeon.
You visited 1 branch of the dungeon, and saw 7 of its levels.

You collected 308 gold pieces.

Inventory:

Hand Weapons
 a - a +4 hand axe of venom (weapon)
 C - a +1 long sword
Missiles
 d - 3 throwing nets (quivered)
 e - a javelin
Armour
 b - a +0 leather armour
 c - a +0 hat (worn)
 o - a +0 pair of gloves (worn)
 p - a +0 scale mail
 v - a +0 chain mail (worn)
Jewellery
 t - a ring of resist corrosion (right hand)
 x - a ring of positive energy (left hand)
 E - an amulet of reflection (around neck)
Wands
 D - a wand of mindburst (12)
 F - a wand of paralysis (13)
 H - a wand of iceblast (9)
Scrolls
 f - a scroll of enchant armour {unknown}
 g - 8 scrolls of identify {unknown}
 j - 2 scrolls of noise {unknown}
 k - 5 scrolls of fog {unknown}
 l - 2 scrolls of torment {unknown}
 q - 3 scrolls of immolation {unknown}
 s - 2 scrolls of magic mapping {unknown}
 u - 3 scrolls of vulnerability {unknown}
 y - a scroll of brand weapon {unknown}
 A - 2 scrolls of teleportation
 G - a scroll of summoning {unknown}
Potions
 h - a potion of brilliance {unknown}
 i - 3 potions of curing
 m - 3 potions of attraction {unknown}
 n - 2 potions of degeneration {unknown}
 r - 3 potions of heal wounds {unknown}
 w - a potion of cancellation {unknown}
 z - a potion of invisibility {unknown}
 B - a potion of might {unknown}


   Skills:
 + Level 5.5 Fighting
 - Level 6.6 Long Blades
 + Level 6.8 Axes
 + Level 2.1 Throwing
 + Level 7.1 Armour
 + Level 4.8 Dodging
 + Level 1.5 Stealth
 + Level 3.2 Shields


You had 7 spell levels left.
You didn't know any spells.
Your spell library contained the following spells:

 Spells                   Type           Power      Damage    Failure   Level
 Slow                     Hex            0%         N/A       99%         1
 Static Discharge         Conj/Air       0%         N/A       100%        2
 Confusing Touch          Hex            0%         N/A       100%        3
 Ignite Poison            Fire/Tmut/Pois 0%         N/A       100%        3
 Mephitic Cloud           Conj/Pois/Air  0%         N/A       100%        3
 Vampiric Draining        Necr           0%         2d6       100%        3
 Animate Dead             Necr           0%         N/A       100%        4
 Dispel Undead            Necr           0%         3d6       100%        4
 Sticky Flame             Conj/Fire      0%         2d3       100%        4
 Freezing Cloud           Conj/Ice/Air   0%         6-21      100%        5
 Haunt                    Necr/Summ      0%         N/A       100%        7
 Infestation              Necr           0%         N/A       100%        8


Dungeon Overview and Level Annotations

Branches:
Dungeon (7/15)             Temple (0/1) D:7

Altars:
Dithmenos
Elyvilon
Fedhas
Zin
The Shining One

Shops:
D:3 :   D:6 ?   D:7 [

Annotations:
D:7 Maggie


Innate Abilities, Weirdness & Mutations

You have a pair of horns on your head.
You reflexively headbutt those who attack you in melee.


Message History

Maggie burns you.
You barely miss the iguana.
The iguana is severely wounded.
You hit the white imp.
Maggie hits you from afar with a +1 glaive of flaming.
Maggie burns you. The white imp gestures at you. The puff of frost misses you.
The iguana bites you.
Maggie hits you from afar with a +1 glaive of flaming.
Maggie burns you.
You slash the iguana!
You kill the iguana!
You barely miss the white imp.
The white imp hits you but does no damage.
Maggie hits you but does no damage.
Unknown command.
You hit the white imp.
The white imp is poisoned.
Your headbutt misses the white imp.
The white imp is heavily wounded.
Maggie closely misses you. You block the white imp's attack.
You slash the white imp!
You kill the white imp!
Maggie barely misses you. Maggie casts a spell at you.
The bolt of fire hits you!!
Unknown command.
Unknown command.
Maggie casts a spell.
Maggie draws you further into her thrall.
You slash Maggie!
Maggie is lightly wounded.
You hit the black bear.
The black bear is poisoned.
Maggie hits you with a +1 glaive of flaming!
* * * LOW HITPOINT WARNING * * *
Maggie burns you.
* * * LOW HITPOINT WARNING * * *
You block the black bear's attack. The black bear closely misses you.
The black bear barely misses you.
Maggie hits you with a +1 glaive of flaming!
You die...

..# .. #..........
#.# ###....#....#
#.# #.....###....
# # #.##..###..##
# # #.###..#..##
#.#
###..##.....##.
#.#
#..............
..#
#.....##.........#
### .....#
##.@h_...# ###
#.... #...@.....#
#.##
##.#..............
...#
#.......##.....##.
#....... ....#
#..#..# # ####
##.. ..###..# # ##
..# .... # #.. ###
#


You could see Maggie (mesmerising, fast) and a black bear (very poisoned).

Vanquished Creatures
  A shadow (D:7)
  A water moccasin (D:5)
  2 sky beasts
  A black bear (D:4)
  4 phantoms
  A bullfrog (D:7)
  A kobold brigand (D:4)
  5 scorpions
  A howler monkey (D:5)
  3 jellies
  2 orc priests
  5 hounds
  2 iguanas
  2 orc wizards
  8 gnolls
  2 adders
  A shadow imp (D:4)
  2 white imps
  3 worms
  12 orcs
  3 endoplasms
  4 giant cockroaches
  3 goblins
  10 hobgoblins
  5 jackals
  3 kobolds
  2 quokkas (D:1)
  6 ball pythons
  3 bats
  A frilled lizard (D:1)
  2 rats (D:1)
101 creatures vanquished.

Notes
Turn   | Place    | Note
-------+----------+-------------------------------------------
     0 | D:1      | Snicker the Minotaur Gladiator began the quest for the Orb.
     0 | D:1      | Reached XP level 1. HP: 18/18 MP: 0/0
   297 | D:1      | Reached XP level 2. HP: 25/25 MP: 1/1
  1352 | D:2      | Found a faded altar of an unknown god.
  1594 | D:3      | Reached skill level 1 in Armour
  1594 | D:3      | Reached XP level 3. HP: 12/30 MP: 2/2
  2107 | D:3      | Found Lopuk's Book Boutique.
  2200 | D:3      | Reached skill level 2 in Armour
  2388 | D:3      | Reached XP level 4. HP: 37/37 MP: 3/3
  2732 | D:4      | Noticed a kobold brigand
  2733 | D:4      | Noticed a scorpion
  2740 | D:4      | Killed a kobold brigand
  2743 | D:4      | Killed a scorpion
  2744 | D:4      | Reached skill level 5 in Long Blades
  2744 | D:4      | Reached skill level 3 in Armour
  2744 | D:4      | Reached XP level 5. HP: 39/45 MP: 4/4
  2812 | D:4      | Reached XP level 6. HP: 17/51 MP: 5/5
  2900 | D:4      | Reached skill level 4 in Armour
  3098 | D:4      | Reached skill level 1 in Stealth
  3145 | D:4      | Found a glowing golden altar of the Shining One.
  3486 | D:4      | Found a glowing silver altar of Zin.
  3762 | D:4      | Found a white marble altar of Elyvilon.
  4001 | D:5      | Entered Level 5 of the Dungeon
  4020 | D:5      | Reached XP level 7. HP: 55/57 MP: 6/6
  4062 | D:5      | Reached skill level 1 in Axes
  4078 | D:5      | Reached skill level 5 in Armour
  4332 | D:5      | Found a blossoming altar of Fedhas.
  4464 | D:5      | Reached XP level 8. HP: 18/67 MP: 7/7
  5036 | D:6      | Found Xyontaov's Magic Scroll Emporium.
  5054 | D:6      | Reached skill level 5 in Axes
  5054 | D:6      | Reached skill level 6 in Armour
  5061 | D:6      | Reached skill level 5 in Fighting
  5061 | D:6      | Reached skill level 1 in Shields
  5963 | D:7      | Found a staircase to the Ecumenical Temple.
  5973 | D:7      | Reached skill level 7 in Armour
  6099 | D:7      | Found Esakug's Antique Armour Boutique.
  6131 | D:7      | Found a shadowy altar of Dithmenos.
  6137 | D:7      | Noticed Maggie
  6147 | D:7      | Slain by Maggie

Illustrated notes

Levels and vault maps discovered:
D:1:      dpeg_arrival_central, layout_rooms, minmay_vboxes
D:2:      layout_basic, dreamdust_ecumenical_altar_angels_and_demons,
          dk_noncrumbling_4, nicolae_figureground_pulse
D:3:      minmay_recursive_quarters, layout_basic, serial_shops,
          nicolae_shop_crystal
D:4:      layout_loops_ring, mainiacjoe_overflow_six_doors_small,
          lemuel_coloured_pillars_altar, nicolae_tso_carved_into_rock
D:5:      layout_cave_pools, old_standard_altar
D:6:      layout_cave_pools, serial_shops, nicolae_stop_n_shop_2
D:7:      layout_loops_corners, nicolae_dithmenos_shadow_blocks,
          minmay_temple_entry_ruins, serial_shops, shop_fountains,
          chequers_serial_rivers_small_b, uniq_maggie

Skill      XL: |  1  2  3  4  5  6  7  8 |
---------------+-------------------------+-----
Dodging        | 4 |  4.8
Armour         | 1 2 3 4 5 7 |  7.1
Long Blades    | 4 5 6 |  6.6
Fighting       | 3 4 5 |  5.5
Stealth        | 1 |  1.5
Axes           | 4 6 |  6.8
Shields        | 3 |  3.2
Throwing       | |  2.1

Action                   |  1- 3 |  4- 6 |  7- 9 || total
-------------------------+-------+-------+-------++-------
Melee: Long sword        |    73 |    72 |    10 ||   155
       Headbutt          |    14 |    15 |    24 ||    53
       Punch             |     1 |     3 |     2 ||     6
       Hand axe          |       |     2 |   106 ||   108
Throw: Throwing net      |       |     1 |       ||     1
  Use: Scroll            |       |     1 |     4 ||     5
       Potion            |       |     1 |     1 ||     2
Armor: Leather armour    |    14 |       |       ||    14
       Scale mail        |    26 |       |       ||    26
       Chain mail        |     2 |    49 |    77 ||   128
Dodge: Dodged            |    57 |    38 |    60 ||   155
Block: Other             |       |       |    24 ||    24
       Reflection        |       |       |     1 ||     1

Table legend: (Time is in decaauts)
 A = Elapsed time spent in this place.
 B = Non-inter-level travel time spent in this place.
 C = Inter-level travel time spent in this place.
 D = Time resting spent in this place.
 E = Time spent auto-exploring this place.
 F = Levels seen in this place.
 G = Mean time per level.
                   A        B        C        D        E       F      G
               +--------+--------+--------+--------+--------+-----+--------+
         Total |   6178 |   6022 |    156 |    361 |   4859 |   7 |  882.6 |
       Dungeon |   6178 |   6022 |    156 |    361 |   4859 |   7 |  882.6 |
               +--------+--------+--------+--------+--------+-----+--------+

Top non-repeatable levels by time:
     D:4: 1275 daAuts
     D:3: 1167 daAuts
     D:5: 973 daAuts
     D:2: 920 daAuts
     D:1: 659 daAuts
     D:7: 594 daAuts
     D:6: 588 daAuts
